 Dungeon Crawl Stone Soup version 0.31-a0-744-gbc345e7fcb (webtiles) character file.

Game seed: 4840046434847227365

187 Dittersdorf the Trooper (level 5, -16/34 HPs)
             Began as a Gargoyle Fighter on Sept 13, 2023.
             Demolished by an ogre
             ... wielding a +0 giant club
              (19 damage)
             ... on level 4 of the Dungeon.
             The game lasted 00:03:29 (2331 turns).

Dittersdorf the Trooper (Gargoyle Fighter)          Turns: 2331, Time: 00:03:30

Health: -16/34     AC: 11    Str: 22    XL:     5   Next: 66%
Magic:  0/5        EV:  9    Int:  8    God:
Gold:   86         SH:  4    Dex:  9    Spells: 4/4 levels left

rFire   . . .        a - +0 flail
rCold   . . .        c - +0 buckler
rNeg    + . .        b - +0 scale mail
rPois   ∞            (no helmet)
rElec   +            (no cloak)
rCorr   .            (no gloves)
SInv    .            (no boots)
Will    .....        j - amulet of guardian spirit Stlth
                     (no ring)
HPRegen 0.25/turn    (no ring)
MPRegen 0.09/turn

%: guardian spirit
@: slowed, very slow
A: sickness immunity, AC +4, negative energy resistance 1, electricity
resistance, torment resistance 1, petrification resistance
a: no special abilities


You were on level 4 of the Dungeon.
You visited 1 branch of the dungeon, and saw 4 of its levels.

You collected 86 gold pieces.

Inventory:

Hand Weapons
 a - a +0 flail (weapon)
Armour
 b - a +0 scale mail (worn)
 c - a +0 buckler (worn)
 e - a +0 plate armour
Jewellery
 j - an amulet of guardian spirit (around neck)
Wands
 h - a wand of iceblast (4)
Potions
 d - 2 potions of might
 g - 4 potions of curing
 i - a potion of mutation {unknown}
 k - a potion of haste {unknown}


   Skills:
 + Level 4.4 Fighting
 + Level 3.2 Maces & Flails
 + Level 4.4 Armour
 + Level 4.3 Shields


You had 4 spell levels left.
You didn't know any spells.
Your spell library contained the following spells:

 Spells                   Type           Power      Damage    Failure   Level
 Kiss of Death            Conj/Necr      0%         2d5       80%         1
 Poisonous Vapours        Pois/Air       0%         N/A       90%         2
 Confusing Touch          Hex            0%         N/A       99%         3
 Mephitic Cloud           Conj/Pois/Air  0%         N/A       99%         3
 Dispel Undead            Necr           0%         3d6       100%        4
 Freezing Cloud           Conj/Ice/Air   0%         6-21      100%        5


Dungeon Overview and Level Annotations

Branches:
Dungeon (4/15)
 Temple: D:4-7

Altars:
Fedhas
Hepliaklqana
Vehumet

Annotations:
D:3 2 transporters, Xavori's ghost, amateur VSCK
D:4 Natasha


Innate Abilities, Weirdness & Mutations

You are immune to sickness and miasma.
Your stone body is resilient. (AC +4)
You are immune to poison.
You resist negative energy. (rN+)
You are resistant to electric shocks. (rElec)
You are resistant to unholy torment.
You are immune to petrification.


Message History

The adder is severely wounded.
You hear the slow rusting of a drain very nearby.
You block the adder's attack. x2
A goblin comes into view. It is wielding a +0 dagger.
The adder barely misses you.
You barely miss the adder.
The adder is severely wounded.
The adder closely misses you. Natasha claws you. The goblin barely misses you.
The adder bites you but does no damage. Natasha claws you!
The goblin hits you but does no damage. The adder barely misses you.
You miss the adder.
The adder is severely wounded.
You block the adder's attack. Natasha completely misses you.
The goblin hits you but does no damage. The adder bites you but does no damage.
Natasha barely misses you. The goblin hits you but does no damage.
You thump the adder!
You kill the adder!
Natasha barely misses you. The goblin hits you but does no damage.
The ogre hits you with a +0 giant club!!
Ouch! That really hurt!
* * * LOW HITPOINT WARNING * * *
Natasha claws you.
* * * LOW HITPOINT WARNING * * *
You block the goblin's attack. The goblin hits you but does no damage.
You are too injured to fight recklessly!
You are too injured to fight recklessly!
You are too injured to fight recklessly!
You are too injured to fight recklessly!
You are too injured to fight recklessly!
You are too injured to fight recklessly!
You are too injured to fight recklessly!
You are too injured to fight recklessly!
You are too injured to fight recklessly!
You are too injured to fight recklessly!
You are too injured to fight recklessly!
You are too injured to fight recklessly!
Natasha attacks as she pursues you! Natasha closely misses you.
The ogre hits you with a +0 giant club!!
Ouch! That really hurt!
You die...

#.......##...
##.......#....
#.............
#....8........
#.............
###...........?.
#...#........... ..
#......Og....... ....#
#......@hg......
.....#
###....#........
#...## ###..##.......
# #....####...##
...#~#.
#.##......##...##....#
#
.<...................#
.....................#
#...#..#..#####......#
#........#...#...##.


You could see an ogre, Natasha and 2 goblins.

Vanquished Creatures
  Natasha (D:4)
  An orc wizard (D:3)
  4 adders
  4 gnolls
  A worm (D:3)
  6 orcs
  3 ball pythons
  4 bats
  2 endoplasms
  A giant cockroach (D:1)
  5 goblins
  2 hobgoblins (D:3)
  4 jackals (D:2)
  A quokka (D:3)
  4 frilled lizards
  6 kobolds
  7 rats
56 creatures vanquished.

Notes
Turn   | Place    | Note
-------+----------+-------------------------------------------
     0 | D:1      | Dittersdorf the Gargoyle Fighter began the quest for the
                  | Orb.
     0 | D:1      | Reached XP level 1. HP: 14/14 MP: 1/1
   306 | D:1      | Reached XP level 2. HP: 18/19 MP: 2/2
   938 | D:2      | Found a blossoming altar of Fedhas.
   993 | D:2      | Identified the +3 spear "Hoisiqy" {venom, *Rage Str+4
                  | Int+7}
  1014 | D:2      | Reached XP level 3. HP: 19/23 MP: 3/3
  1375 | D:3      | Reached XP level 4. HP: 24/29 MP: 4/4
  1443 | D:3      | Found a radiant altar of Vehumet.
  1477 | D:3      | Found a transporter.
  1484 | D:3      | Noticed Xavori's ghost (amateur VSCK)
  1793 | D:3      | Reached XP level 5. HP: 33/33 MP: 5/5
  1912 | D:3      | Found a transporter.
  2260 | D:3      | Found a hazy altar of Hepliaklqana.
  2280 | D:4      | Noticed Natasha
  2284 | D:4      | Killed Natasha
  2324 | D:4      | Noticed Natasha
  2325 | D:4      | Noticed an ogre
  2331 | D:4      | Demolished by an ogre

Illustrated notes

Levels and vault maps discovered:
D:1:      amcnicky_arrival_choice, layout_basic
D:2:      layout_rooms, basic_altar
D:3:      layout_rooms, general_overflow_altar, nicolae_overflow_crystal_walls,
          gammafunk_ghost_mausoleum, minmay_fractal_squares_gapless_5
D:4:      layout_cave_pools, nicolae_wu_jian_immortal_techniques,
          portal_sewer_entry_d, serial_shops, nicolae_diamond_shop,
          serial_column_ruins, column_ruins_hut, column_ruins_grid_4,
          column_ruins_grid_2, column_ruins_columns_straight,
          column_ruins_open_medium, column_ruins_open_small,
          column_ruins_grid_1, column_ruins_corridor_T, uniq_natasha

Skill      XL: |  1  2  3  4 |
---------------+-------------+-----
Fighting       | 4 |  4.4
Armour         | 4 |  4.4
Shields        | 4 |  4.3
Maces & Flails | 3 |  3.2

Action                     |  1- 3 |  4- 6 || total
---------------------------+-------+-------++-------
  Melee: Flail             |   104 |   114 ||   218
    Use: Scroll            |       |     3 ||     3
 Armour: Scale mail        |    95 |   104 ||   199
  Dodge: Dodged            |    52 |    57 ||   109
  Block: Buckler           |    19 |    30 ||    49

Table legend: (Time is in decaauts)
 A = Elapsed time spent in this place.
 B = Non-inter-level travel time spent in this place.
 C = Inter-level travel time spent in this place.
 D = Time resting spent in this place.
 E = Time spent auto-exploring this place.
 F = Levels seen in this place.
 G = Mean time per level.
                   A        B        C        D        E       F      G
               +--------+--------+--------+--------+--------+-----+--------+
         Total |   2407 |   2325 |     82 |    233 |   1535 |   4 |  601.8 |
       Dungeon |   2407 |   2325 |     82 |    233 |   1535 |   4 |  601.8 |
               +--------+--------+--------+--------+--------+-----+--------+

Top non-repeatable levels by time:
     D:1: 948 daAuts
     D:2: 744 daAuts
     D:3: 658 daAuts
     D:4: 55 daAuts
